 Dungeon Crawl Stone Soup version 0.32-a0-43-g058985b245 (webtiles) character file.

Game seed: 17961908441909037615

189 Ceno the Cudgeller (level 5, -5/45 HPs)
             Began as an Armataur Warper on Feb 3, 2024.
             Was a Believer of Ru.
             Slain by an ogre
             ... wielding a +0 giant club
              (25 damage)
             ... on level 5 of the Dungeon.
             The game lasted 00:13:02 (3034 turns).

Ceno the Cudgeller (Armataur Warper)                Turns: 3034, Time: 00:13:03

Health: -5/45      AC: 11    Str: 19    XL:     5   Next: 40%
Magic:  7/7        EV:  8    Int: 13    God:    Ru [**....]
Gold:   155        SH:  0    Dex: 15    Spells: 5/7 levels left

rFire   x . .        a - +0 mace
rCold   x . .        (no shield)
rNeg    . . .        q - +0 scale mail
rPois   .            (no helmet)
rElec   .            s - +0 cloak
rCorr   .            (no gloves)
SInv    .            (no barding)
Will    .....        (no amulet) Stlth
                     k - +4 ring of protection
HPRegen 0.27/turn    u - +6 ring of dexterity
MPRegen 0.10/turn

%: roll
@: no status effects
A: large, deformed body, tough skin 3, temperature sensitive, armoured tail,
roll 1
a: Renounce Religion


You were on level 5 of the Dungeon.
You worshipped Ru.
Ru was pleased with you.
You visited 1 branch of the dungeon, and saw 5 of its levels.

You collected 155 gold pieces.

Inventory:

Hand Weapons
 a - a +0 mace (weapon)
 p - a +0 whip
Missiles
 b - 6 poisoned darts
 d - 4 darts of dispersal (quivered)
 i - 39 stones
 A - 4 boomerangs
Armour
 f - a +0 ring mail
 l - a +0 chain mail
 q - a +0 scale mail (worn)
 s - a +0 cloak (worn)
Jewellery
 e - an amulet of faith
 k - a +4 ring of protection (left hand)
 u - a +6 ring of dexterity (right hand)
Wands
 D - a wand of mindburst (9)
Scrolls
 c - 3 scrolls of blinking
 h - a scroll of immolation
 n - a scroll of poison
 o - a scroll of amnesia {unknown}
 t - a scroll of vulnerability
 y - a scroll of teleportation
 C - a scroll of revelation {unknown}
Potions
 g - a potion of berserk rage
 j - 3 potions of mutation
 m - a potion of magic
 r - a potion of haste
 v - a potion of might
 w - a potion of lignification {unknown}
 x - a potion of curing {unknown}
 z - a potion of brilliance {unknown}


   Skills:
 + Level 3.3 Fighting
 * Level 4.3 Maces & Flails
 - Level 0.8 Throwing
 - Level 1.2 Armour
 - Level 1.3 Dodging
 - Level 1.7 Spellcasting
 - Level 3.0 Translocations


You had 5 spell levels left.
You knew the following spells:

 Your Spells              Type           Power      Damage    Failure   Level
a - Blink                 Tloc           16%        N/A       34%         2

Your spell library contained the following spells:

 Spells                   Type           Power      Damage    Failure   Level
 Lesser Beckoning         Tloc           16%        N/A       34%         2
 Teleport Other           Tloc           8%         N/A       56%         3
 Foxfire                  Conj/Fire      4%         2x1d4     63%         1
 Manifold Assault         Tloc           8%         N/A       93%         4
 Vhi's Electric Charge    Tloc/Air       10%        N/A       99%         4
 Plasma Beam              Fire/Air       0%         2x1d10    100%        6
 Starburst                Conj/Fire      0%         6d3       100%        6


Dungeon Overview and Level Annotations

Branches:
Dungeon (5/15)
 Temple: D:4-7

Altars:
Kikubaaqudgha
Ru


Innate Abilities, Weirdness & Mutations

Armour fits poorly on your strangely shaped body.
You have extremely tough skin. (AC +3)
You are sensitive to extremes of temperature. (rF-, rC-)
You have a long armoured tail.
You regenerate magic when rolling toward enemies. (Rampage MPRegen)


Message History

You hit the ogre.
The ogre is moderately wounded.
The ogre hits you with a +0 giant club.
You closely miss the ogre.
The ogre is moderately wounded.
The ogre barely misses you.
You hit the ogre.
The ogre is moderately wounded.
You hit the ogre.
The ogre is heavily wounded.
The ogre hits you with a +0 giant club!
Throw: 7 darts (disperse)
Press: ? - help, Q - select action, (/) - cycle Shift-Dir - straight line, f - ogre
Aim: an ogre, wielding a +0 giant club (heavily wounded, 72% to hit)
You throw a dart of dispersal.
The dart of dispersal completely misses the ogre.
The ogre closely misses you.
Throw: 6 darts (disperse)
Press: ? - help, Q - select action, (/) - cycle Shift-Dir - straight line, f/p - ogre
Aim: an ogre, wielding a +0 giant club (heavily wounded, 72% to hit)
You throw a dart of dispersal. The dart of dispersal hits the ogre.
The ogre blinks!
The ogre is heavily wounded.
You climb upwards.
There is a stone staircase leading down here.
You start resting.
HP restored.
You climb downwards.
The ogre hits you with a +0 giant club!!
Ouch! That really hurt!
You focus your inner power and slow the ogre in retribution!
There is a stone staircase leading up, spattered with blood here.
Throw: 5 darts (disperse)
Press: ? - help, Q - select action, (/) - cycle Shift-Dir - straight line, f - ogre
Aim: an ogre, wielding a +0 giant club (moderately wounded, slow, 72% to hit)
You throw a dart of dispersal.
The dart of dispersal closely misses the ogre.
The ogre hits you with a +0 giant club!!
Ouch! That really hurt!
You die...

#.....# #.....#
#######.....#
#...........#
#..........)#
#...........#
#........†..#
#...........#
#..........@########
#.........O.'.......
#...........#.......
#...........#.......
#...........#.......
#...........#.......
#...........#...####
#...........#...#
#.......<...#....


You could see an ogre (slow).

Vanquished Creatures
  2 bombardier beetles
  5 adders
  A ribbon worm (D:2)
  3 dart slugs
  5 bats
  8 endoplasms
  3 giant cockroaches
  7 goblins
  3 hobgoblins
  8 jackals
  5 kobolds
  5 quokkas
  3 ball pythons
  3 frilled lizards
  3 rats
64 creatures vanquished.

Notes
Turn   | Place    | Note
-------+----------+-------------------------------------------
     0 | D:1      | Ceno the Armataur Warper began the quest for the Orb.
     0 | D:1      | Reached XP level 1. HP: 17/17 MP: 3/3
   185 | D:1      | Reached skill level 2 in Maces & Flails
   252 | D:1      | Reached XP level 2. HP: 22/24 MP: 4/4
   270 | D:1      | Learned a level 2 spell: Blink
   590 | D:1      | You fall into a shaft and drop 1 floor!
   599 | D:1      | Reached XP level 3. HP: 24/29 MP: 5/5
   868 | D:2      | Found a sacrificial altar of Ru.
   881 | D:2      | Became a worshipper of Ru the Awakened
  1046 | D:2      | Found the +8 frozen axe "Frostbite" {freeze, freezing
                  | cloud, *Noise Fly rC+}
  1059 | D:2      | Reached skill level 3 in Maces & Flails
  1788 | D:3      | Reached XP level 4. HP: 37/37 MP: 6/6
  1970 | D:3      | Noticed a scorpion
  1978 | D:2      | Gained mutation: You are sensitive to extremes of
                  | temperature. (rF-, rC-) [Ru sacrifice]
  1978 | D:2      | Reached * piety under Ru
  1978 | D:2      | Reached ** piety under Ru
  2132 | D:3      | Found an ancient bone altar of Kikubaaqudgha.
  2240 | D:4      | Reached skill level 4 in Maces & Flails
  2240 | D:4      | Reached XP level 5. HP: 45/45 MP: 7/7
  2572 | D:4      | Identified the +1 long sword "Beastbane" {freeze, Dex+5}
  2844 | D:5      | Entered Level 5 of the Dungeon
  2961 | D:5      | Noticed an ogre
  3034 | D:5      | Slain by an ogre

Illustrated notes

Levels and vault maps discovered:
D:1:      tarquinn_simple_flora_water_c, layout_loops_ring, minmay_statues_item,
          minmay_pentomino_w2
D:2:      layout_basic, basic_altar
D:3:      layout_rooms, mainiacjoe_overflow_alcove_1, minmay_liquid_box
D:4:      layout_loops_ring
D:5:      layout_gridville, mainiacjoe_overflow_catwalk,
          minmay_temple_entry_tees

Skill      XL: |  1  2  3  4 |
---------------+-------------+-----
Maces & Flails | 2 3 4 |  4.3
Fighting       | 2 3 |  3.3
Throwing       | |  0.8
Armour         | |  1.2
Dodging        | |  1.3
Spellcasting   | |  1.7
Translocations | |  3.0

Action                     |  1- 3 |  4- 6 || total
---------------------------+-------+-------++-------
  Melee: Mace              |   159 |    71 ||   230
         Tailslap          |    17 |     7 ||    24
         Punch             |       |     1 ||     1
  Throw: Dart              |       |     3 ||     3
 Invoke: Sacrifice Resista |       |     1 ||     1
    Use: Scroll            |       |     9 ||     9
 Armour: Leather armour    |    15 |       ||    15
         Ring mail         |    96 |       ||    96
         Scale mail        |    29 |    45 ||    74
  Dodge: Dodged            |    76 |    28 ||   104

Table legend: (Time is in decaauts)
 A = Elapsed time spent in this place.
 B = Non-inter-level travel time spent in this place.
 C = Inter-level travel time spent in this place.
 D = Time resting spent in this place.
 E = Time spent auto-exploring this place.
 F = Levels seen in this place.
 G = Mean time per level.
                   A        B        C        D        E       F      G
               +--------+--------+--------+--------+--------+-----+--------+
         Total |   3095 |   2946 |    149 |     59 |   1514 |   5 |  619.0 |
       Dungeon |   3095 |   2946 |    149 |     59 |   1514 |   5 |  619.0 |
               +--------+--------+--------+--------+--------+-----+--------+

Top non-repeatable levels by time:
     D:2: 1006 daAuts
     D:1: 839 daAuts
     D:4: 820 daAuts
     D:3: 362 daAuts
     D:5: 66 daAuts
